 Dungeon Crawl Stone Soup version 0.23-a0-550-g7de1f8ee9f (webtiles) character file.

1761330 Flugkiller the Slayer (level 27, 390/390 HPs)
             Began as a Black Draconian Transmuter on Dec 9, 2018.
             Was the Champion of Cheibriados.
             Escaped with the Orb
             ... and 3 runes!
             The game lasted 02:22:31 (65559 turns).

Flugkiller the Slayer (Black Draconian Transmuter) Turns: 65559, Time: 02:22:31

Health: 390/390    AC: 23    Str: 41    XL:     27
Magic:  26/33      EV: 41    Int: 29    God:    Cheibriados [******]
Gold:   5686       SH:  0    Dex: 40    Spells: 1/40 levels left

rFire    + . .     SeeInvis .     - Unarmed
rCold    + . .     Gourm    .   (shield currently unavailable)
rNeg     . . .     Faith    .   (armour unavailable)
rPois    +         Spirit   .   (helmet currently unavailable)
rElec    +         Reflect  .   (cloak currently unavailable)
rCorr    .         Harm     .   (gloves currently unavailable)
MR       +++..                  (boots currently unavailable)
Stlth    ++........             C - amulet of Jozump {rElec rC+ Regen+}
HPRegen  1.15/turn              v - ring of Phasing {EV+8}
MPRegen  0.23/turn              R - ring of Feiriub {rF+ MR+ EV+3 Str+2 Stlth+}

@: dragon-form, flying, drained, deflect missiles, very slow
A: giant, breathe lightning, unfitting armour, agile 1, electricity resistance,
evolution 1, AC +13
0: Orb of Zot
}: 3/15 runes: serpentine, barnacled, silver
a: Breathe Lightning, End Transformation, Bend Time, Temporal Distortion,
Slouch, Step From Time, Renounce Religion


You escaped.
You worshipped Cheibriados.
Cheibriados was exalted by your worship.
You were completely stuffed.
You were a fearsome dragon!
You visited 10 branches of the dungeon, and saw 50 of its levels.
You visited 1 bazaar.
You also visited: Ice Cave.

You collected 10269 gold pieces.
You spent 4583 gold pieces at shops.

Inventory:

Hand Weapons
 U - the +6 hand crossbow "Zyzuacet" {flame, rElec Stlth+}
   (You took it off a vault guard on level 5 of the Vaults)

   It causes projectiles fired from it to burn those they strike, causing extra
   injury to most foes and up to half again as much damage against particularly
   susceptible opponents.
   It insulates you from electricity.
   It makes you more stealthy.
Missiles
 a - 1942 arrows
 Q - 8 throwing nets (quivered)
Armour
 w - a +0 pair of gloves (melded)
   (You found it on level 8 of the Dungeon)
 D - a +1 cloak of poison resistance
   (You took it off a draconian knight on level 5 of the Depths)
 N - the +3 pair of boots of Valiance (melded) {SInv}
   (You found it on level 3 of the Elven Halls)

   It lets you see invisible.
 P - a +1 cloak (melded)
   (You found it on level 3 of the Lair of Beasts)
Jewellery
 r - the ring "Zem Fianu" {Wiz Int+9}
   (You bought it in a shop on level 11 of the Dungeon)

   [ring of wizardry]

   It improves your spell success rate.
   It affects your intelligence (+9).
 v - the ring of Phasing (left foreclaw) {EV+8}
   (You bought it in a shop on level 11 of the Dungeon)

   [ring of evasion]

   It affects your evasion (+8).
 y - the ring of Abrimnas {Wiz rF+ rC+}
   (You took it off a hell knight on level 2 of the Depths)

   [ring of wizardry]

   It improves your spell success rate.
   It protects you from fire.
   It protects you from cold.
 C - the amulet of Jozump (around neck) {rElec rC+ Regen+}
   (You took it off a deep elf master archer on level 3 of the Elven Halls)

   [amulet of regeneration]

   It protects you from cold.
   It insulates you from electricity.
   It increases your rate of regeneration.
 R - the ring of Feiriub (right foreclaw) {rF+ MR+ EV+3 Str+2 Stlth+}
   (You found it on level 2 of the Depths)

   [ring of evasion]

   It affects your evasion (+3).
   It affects your strength (+2).
   It protects you from fire.
   It affects your resistance to hostile enchantments.
   It makes you more stealthy.
Wands
 e - a wand of enslavement (14)
   (You found it on level 4 of the Dungeon)
 t - a wand of digging (9)
   (You found it on level 6 of the Dungeon)
 F - a wand of disintegration (63)
   (You found it on level 10 of the Dungeon)
 G - a wand of acid (48)
   (You took it off Urug on level 5 of the Lair of Beasts)
 I - a wand of scattershot (13)
   (You found it on level 1 of the Lair of Beasts)
 J - a wand of paralysis (26)
   (You found it on level 3 of the Elven Halls)
 K - a wand of clouds (15)
   (You found it on level 15 of the Dungeon)
 T - a wand of iceblast (26)
   (You found it on level 11 of the Dungeon)
Scrolls
 b - 7 scrolls of fear
 g - 18 scrolls of teleportation
 h - 14 scrolls of amnesia
 j - 7 scrolls of immolation
 k - 21 scrolls of remove curse
 n - 9 scrolls of blinking
 p - 10 scrolls of magic mapping
 s - 8 scrolls of enchant armour
 z - 3 scrolls of fog
 E - 2 scrolls of torment
 O - 2 scrolls of summoning
 W - 3 scrolls of vulnerability
 X - 2 scrolls of silence
 Y - 19 scrolls of identify
Potions
 d - 17 potions of curing
 f - 5 potions of haste
 i - 2 potions of magic
 l - 7 potions of flight
 m - 5 potions of berserk rage
 o - 2 potions of invisibility
 q - 14 potions of heal wounds
 u - 7 potions of brilliance
 x - 3 potions of lignification
 B - 2 potions of might
 M - 5 potions of mutation
 S - 3 potions of cancellation
 V - 3 potions of ambrosia
 Z - 2 potions of agility
Miscellaneous
 A - a lamp of fire
   (You found it on level 9 of the Dungeon)
 L - 4 phantom mirrors
Comestibles
 c - 77 rations


   Skills:
 + Level 23.8(23.5) Fighting
 + Level 22.0(21.7) Dodging
 + Level 23.2(22.9) Unarmed Combat
 - Level 7.0(6.7) Spellcasting
 - Level 10.5(10.3) Charms
 - Level 19.0(18.7) Transmutations
 - Level 13.2(12.9) Air Magic
 - Level 4.6(4.4) Earth Magic
 - Level 1.1(0.9) Poison Magic
 - Level 13.0(12.7) Invocations
 - Level 5.3(5.0) Evocations


You had one spell level left.
You knew the following spells:

 Your Spells              Type           Power        Failure   Level  Hunger
a - Beastly Appendage     Tmut           ######       0%          1    None
b - Sticks to Snakes      Tmut           #######.     0%          2    None
c - Spider Form           Tmut/Pois      ######....   1%          3    None
d - Ice Form              Ice/Tmut       ######..     1%          4    ##.....
e - Blade Hands           Tmut           #######...   1%          5    #####..
f - Dragon Form           Tmut           #######...   1%          7    #######
g - Statue Form           Tmut/Erth      ######...    7%          6    ######.
h - Deflect Missiles      Chrm/Air       ######....   7%          6    ######.
i - Passwall              Tmut/Erth      ######..     1%          2    None
j - Regeneration          Chrm/Necr      #####.....   1%          3    None

Your spell library contained the following spells:

 Spells                   Type           Power        Failure   Level  Hunger
 Sandblast                Erth           #####.       1%          1    None
 Shock                    Conj/Air       ####         1%          1    None
 Sting                    Conj/Pois      ##..         4%          1    None
 Animate Skeleton         Necr           N/A          5%          1    None
 Apportation              Tloc           #.....       5%          1    None
 Confusing Touch          Hex            #.....       5%          1    None
 Flame Tongue             Conj/Fire      #....        5%          1    None
 Magic Dart               Conj           #...         5%          1    None
 Pain                     Necr           #...         5%          1    None
 Summon Small Mammal      Summ           #...         5%          1    None
 Poisonous Vapours        Pois/Air       ######       1%          2    None
 Shroud of Golubria       Chrm/Tloc      #####.....   1%          2    None
 Song of Slaying          Chrm           ######..     1%          2    None
 Swiftness                Chrm/Air       ######..     1%          2    None
 Ozocubu's Armour         Chrm/Ice       #####...     1%          3    None
 Spectral Weapon          Hex/Chrm       #####...     1%          3    None
 Static Discharge         Conj/Air       #####...     1%          3    None
 Airstrike                Air            ######....   1%          4    ##.....
 Petrify                  Tmut/Erth      ######..     1%          4    ##.....
 Mephitic Cloud           Conj/Pois/Air  #####...     2%          3    None
 Yara's Violent Unravell  Hex/Tmut       ######....   3%          5    #####..
 Stone Arrow              Conj/Erth      ###...       6%          3    None
 Blink                    Tloc           N/A          8%          2    None
 Corpse Rot               Necr           N/A          8%          2    None
 Searing Ray              Conj           #.....       8%          2    None
 Sublimation of Blood     Necr           #.........   8%          2    None
 Throw Flame              Conj/Fire      #.....       8%          2    None
 Lightning Bolt           Conj/Air       #####.....   10%         5    #####..
 Silence                  Hex/Air        #####.....   10%         5    #####..
 Dazzling Spray           Conj/Hex       #.....       16%         3    None
 Gell's Gravitas          Tloc           #.........   16%         3    None
 Lesser Beckoning         Tloc           #.........   16%         3    None
 Teleport Other           Tloc           #.......     16%         3    None
 Vampiric Draining        Necr           #.........   16%         3    None
 Excruciating Wounds      Chrm/Necr      #####.....   17%         5    #####..
 Leda's Liquefaction      Hex/Erth       ###.......   21%         4    ##.....
 Lee's Rapid Deconstruct  Erth           #####.....   24%         5    #####..
 Olgreb's Toxic Radiance  Pois           ###.....     34%         4    ##.....
 Animate Dead             Necr           N/A          45%         4    ##.....
 Cause Fear               Hex            #.........   45%         4    ##.....
 Force Lance              Conj/Tloc      #.......     45%         4    ##.....
 Fulminant Prism          Conj/Hex       #.........   45%         4    ##.....
 Iskenderun's Mystic Bla  Conj           #.......     45%         4    ##.....
 Sticky Flame             Conj/Fire      #.......     45%         4    ##.....
 Bolt of Magma            Conj/Fire/Erth ###.......   61%         5    #####..
 Venom Bolt               Conj/Pois      ##........   75%         5    #####..
 Freezing Cloud           Conj/Ice/Air   ####......   80%         6    ######.
 Agony                    Necr           #.......     82%         5    #####..
 Bolt of Draining         Conj/Necr      #.........   82%         5    #####..
 Dispel Undead            Necr           #.......     82%         5    #####..
 Metabolic Englaciation   Hex/Ice        #.........   82%         5    #####..
 Bolt of Cold             Conj/Ice       #.........   100%        6    ######.
 Bolt of Fire             Conj/Fire      #.........   100%        6    ######.
 Darkness                 Hex            #.........   100%        6    ######.
 Dispersal                Tloc           #.........   100%        6    ######.
 Invisibility             Hex            #.......     100%        6    ######.
 Ozocubu's Refrigeration  Ice            #.........   100%        6    ######.
 Simulacrum               Ice/Necr       #.........   100%        6    ######.
 Malign Gateway           Summ/Tloc      #.........   100%        7    #######
 Discord                  Hex            #.........   100%        8    #######
 Dragon's Call            Summ           #.........   100%        9    #######
 Passage of Golubria      Tloc           Unusable     N/A         4    N/A

Dungeon Overview and Level Annotations

Branches:
Dungeon (15/15)            Temple (1/1) D:4            Lair (6/6) D:10
 Shoals (4/4) Lair:4        Snake (4/4) Lair:3        Slime (0/5) Lair:5
    Orc (2/2) D:10            Elf (3/3) Orc:2        Vaults (5/5) D:13
  Crypt (0/3) Vaults:2     Depths (5/5) D:15            Zot (5/5) Depths:5

Altars:
Ashenzari
Cheibriados
Dithmenos
Elyvilon
Fedhas
Gozag
Hepliaklqana
Kikubaaqudgha
Makhleb
Nemelex Xobeh
Okawaru
Qazlal
Ru
Sif Muna
Trog
Uskayaw
Vehumet
Wu Jian
Xom
Yredelemnul
Zin
The Shining One
Lugonu

Shops:
D:6 ?   D:8 }   D:11 =   D:12 :   Orc:2 :*[(   Elf:1 %   Elf:3 (?=
Snake:1 }[(   Snake:2 %   Snake:3 *?%*?   Vaults:1 *   Depths:2 [}   Depths:5 !

Portals:
Hell: Lair:6 Depths:1 Depths:2 Depths:3 Depths:4 Depths:5
Abyss: Depths:4 Depths:5
Pandemonium: Depths:3 Depths:5
Ziggurat: Depths:2

Annotations:
D:5 2 transporters
D:7 3 runed doors, 1player's ghost, novice MiGl
D:8 exclusion: 2 doors
D:11 2 runed doors
Lair:5 exclusion: 2 oklob plants
Shoals:1 3 runed doors, Jypaqura's ghost, adept DDFi


Innate Abilities, Weirdness & Mutations

You can breathe wild blasts of lightning.
Your glossy black scales are hard. (AC +13)
You cannot fit into any form of body armour.
((Your large and strong wings let you fly indefinitely.))
You are resistant to electric shocks. (rElec)
((You are cold-blooded and may be slowed by cold attacks.))
((You have large cloven feet.))
You are agile. (Dex +2)
You evolve.


Message History

Casting: Passwall (safe; 1% risk of failure)
Confirm with . or Enter, or press ? or * to list all spells.
Aiming: Passwall (safe; 1% risk of failure)
Press: ? - help, Dir - move target cursor A rock wall.
This square is covered in magical glow.
The lich completely misses you.
The ynoxinul gestures.
You begin to meditate on the wall.
You continue meditating on the rock.
The lich closely misses you.
You continue meditating on the rock.
The lich completely misses you.
You finish merging with the rock.
Unknown command.
Casting: Passwall (safe; 1% risk of failure)
Confirm with . or Enter, or press ? or * to list all spells.
Aiming: Passwall (safe; 1% risk of failure)
Press: ? - help, Dir - move target cursor A rock wall.
This square is covered in magical glow.
Your surroundings suddenly seem different.
Your meditation is interrupted.
Unknown command.
There is an open door here.
Casting: Passwall (safe; 1% risk of failure)
Confirm with . or Enter, or press ? or * to list all spells.
Aiming: Passwall (safe; 1% risk of failure)
Press: ? - help, Dir - move target cursor A rock wall.
This square is covered in magical glow.
You begin to meditate on the wall.
You continue meditating on the rock. x4
You finish merging with the rock.
There is a staircase leading out of the dungeon here.
You eat one of the 80 rations.
That ration really hit the spot!
You eat one of the 79 rations.
That ration really hit the spot!
Casting: Passwall (safe; 1% risk of failure)
Confirm with . or Enter, or press ? or * to list all spells.
You turn into a fearsome dragon!
Your +1 cloak melds into your body.
Your +0 pair of gloves melds into your body.
The +3 pair of boots of Valiance {SInv} melds into your body.
Unknown command.
You eat one of the 78 rations.
That ration really hit the spot!
What are your orders? t - Roar!
Orders for allies: a - Attack new target. r - Retreat! s - Stop attacking. g - Guard the area. f - Follow me.
Anything else - Cancel.
You roar for attention!
You have escaped!

...# ...# ##########
#### ######........##
#......######..##
#######...####≈##≈##..#
##.........###≈.≈≈P≈##.#
.'..........#≈.8.P8P≈#.#
##........#.##≈...P.##.#
#........#...≈≈D.....)#
#############≈♣..P.####
#≈♣8♣P8P≈# ##≈♣≈≈P≈##
##≈##≈## ## ###


There were no monsters in sight!

Vanquished Creatures
  5 orbs of fire (Zot:5)
  2 ancient liches (Zot:5)
  3 juggernauts
  A curse toe (Zot:1)
  Saint Roka (Depths:2)
  3 Killer Klowns
  7 caustic shrikes
  Margery (Depths:2)
  Nikola (Vaults:2)
  A profane servitor (Depths:4)
  Jory (Vaults:2)
  10 golden dragons
  2 bone dragons (Depths:5)
  2 Tzitzimimeh
  3 electric golems
  3 liches
  19 tentacled monstrosities
  Asterion (Vaults:2)
  28 Orb Guardians
  2 deep elf blademasters (Elf:3)
  6 titans
  5 quicksilver dragons
  2 deep elf master archers (Elf:3)
  A kraken (Shoals:1)
  5 sphinxes
  8 death cobs
  An ancient champion (Vaults:2)
  Polyphemus (Shoals:3)
  9 tengu reavers
  6 nagarajas
  11 shadow dragons
  Roxanne (Snake:2)
  13 storm dragons
  4 draconian monks
  15 vault wardens
  14 fire giants
  An orc warlord (Orc:2)
  2 ghost moths (Zot:5)
  6 deep elf sorcerers
  4 draconian knights
  A draconian scorcher (Zot:2)
  11 frost giants
  2 draconian shifters (Zot:4)
  An iron dragon (Vaults:5)
  3 draconian annihilators
  22 ironheart preservers
  4 spriggan defenders
  3 deep elf elementalists
  26 very ugly things
  3 war gargoyles
  2 vampire knights
  An entropy weaver (Vaults:2)
  25 stone giants
  2 corrupters (Zot:4)
  8 green draconians
  14 deep elf demonologists
  6 black draconians
  3 yellow draconians
  5 purple draconians
  8 deep elf annihilators
  7 white draconians
  Azrael (D:12)
  5 red draconians
  7 spark wasps
  3 merfolk javelineers (Shoals:4)
  An eidolon (Vaults:2)
  Snorg (Lair:5)
  11 ettins
  5 deep elf death magi
  3 jiangshi (Depths:4)
  6 merfolk impalers
  22 yaktaur captains
  Josephine (Lair:6)
  9 great orbs of eyes
  13 fire dragons
  3 deep elf high priests
  33 vault guards
  A hell beast (Lair:6)
  6 rakshasas
  9 ice dragons
  Fannar (Orc:1)
  10 hydras
  A hydra (shapeshifter) (Vaults:5)
  19 naga warriors
  5 spriggan air magi
  12 ogre magi
  7 anacondas
  4 merfolk aquamancers
  2 death knights
  3 alligator snapping turtles
  3 catoblepae
  7 merfolk avatars
  11 centaur warriors
  5 tengu warriors
  2 satyrs
  An alligator (shapeshifter) (Vaults:5)
  30 two-headed ogres
  25 dancing weapons
  A queen ant (shapeshifter) (Vaults:5)
  13 deep troll shamans
  9 deep troll earth magi
  9 death yaks
  2 vampire magi
  Urug (Lair:5)
  2 titan zombies (Vaults:5)
  11 naga sharpshooters
  6 orc high priests (Orc:2)
  5 spriggan berserkers
  11 shock serpents
  3 iron trolls (Depths:1)
  4 skeletal warriors (Vaults:1)
  A sixfirhy (D:8)
  15 hell knights
  4 salamander mystics
  4 unseen horrors
  7 sea snakes
  A shadow wraith (Vaults:2)
  18 deep elf knights
  34 deep trolls
  A swamp dragon (shapeshifter) (Depths:2)
  3 phantasmal warriors
  14 deep elf archers
  8 naga ritualists
  4 glowing orange brains
  Pikel (D:8)
  3 flayed ghosts
  21 orc knights
  4 wizards
  An orange crystal statue (Zot:5)
  25 ironbrand convokers
  A deep troll (shapeshifter) (Depths:1)
  5 necromancers
  3 harpies (shapeshifter) (Vaults:3)
  A wolf spider zombie (D:14)
  67 deep elf magi
  17 manticores
  18 harpies
  26 ugly things
  2 orb spiders (shapeshifter)
  7 mana vipers
  11 orc sorcerers
  15 fauns
  24 slime creatures
  14 salamanders
  5 wolf spiders
  9 cyclopes
  18 moths of wrath
  2 moths of wrath (shapeshifter)
  6 elephants (Lair:5)
  2 centaur zombies (D:14)
  A guardian serpent (shapeshifter) (Depths:4)
  19 vault sentinels
  33 black mambas
  10 merfolk sirens
  4 ice statues (IceCv)
  32 naga magi
  5 guardian serpents
  Maurice (Orc:1)
  A torpor snail (Lair:6)
  4 centaur skeletons
  An orange demon (Lair:6)
  5 spectral swamp worms (Depths:3)
  6 water nymphs
  9 spiny frogs
  A gargoyle (D:10)
  A storm dragon simulacrum (Vaults:2)
  6 komodo dragons
  A kobold demonologist (D:11)
  14 rime drakes
  10 freezing wraiths
  A hellwing (Lair:6)
  2 efreet
  A rime drake (shapeshifter) (D:15)
  12 ice devils
  55 yaktaurs
  A yaktaur skeleton (Vaults:5)
  A small abomination (Elf:3)
  6 red devils
  4 tengu conjurers
  8 trolls
  28 merfolk
  4 polar bears
  4 wind drakes
  A tyrant leech (shapeshifter) (Depths:2)
  9 hornets
  21 blink frogs
  12 hippogriffs
  12 snapping turtles
  Prince Ribbit (D:8)
  A hippogriff (shapeshifter) (Depths:2)
  3 dream sheep
  A meliai zombie (D:15)
  7 spriggans
  4 air elementals
  8 wraiths
  2 shadows
  59 yaks
  13 water elementals
  A vampire (D:15)
  9 wyverns
  A ynoxinul (Zot:2)
  6 basilisks
  3 fire elementals
  10 humans (D:13)
  A golden eye (shapeshifter) (Vaults:2)
  Menkaure (D:7)
  Grum (D:8)
  An elf skeleton (Vaults:5)
  14 vampire mosquitoes
  A human simulacrum (Vaults:1)
  A hungry ghost (D:11)
  A soldier ant (shapeshifter) (Depths:2)
  58 nagas
  2 soldier ants
  5 wargs
  A deep troll zombie (Vaults:5)
  4 acid dragons
  10 hell hounds
  8 water moccasins
  8 porcupines
  A black bear (D:12)
  45 orc warriors
  2 phantoms
  2 ice beasts
  6 sky beasts
  A hornet zombie (D:15)
  2 slaves (D:8)
  2 black bears (shapeshifter)
  2 eyes of draining
  30 ogres
  15 wolves
  18 centaurs
  16 crocodiles
  2 crocodiles (shapeshifter)
  7 big kobolds
  3 earth elementals
  20 bullfrogs
  3 scorpions
  9 killer bees
  15 wights
  A howler monkey (D:8)
  8 crimson imps
  2 bullfrog zombies
  A quasit (D:11)
  3 jellies
  10 hounds
  22 orc priests
  42 orc wizards
  5 iguanas
  8 worker ants
  4 troll simulacra (IceCv)
  2 centaur simulacra (IceCv)
  5 hound skeletons
  2 worker ant zombies
  3 naga simulacra (IceCv)
  16 adders
  An ogre simulacrum (IceCv)
  6 shadow imps
  15 white imps
  2 worms
  2 dart slugs
  4 leopard geckos
  120 orcs
  9 giant cockroaches
  9 goblins
  6 hobgoblins
  11 jackals
  23 kobolds
  3 quokkas
  A ball python (D:1)
  13 bats
  9 frilled lizards
  2 jackal skeletons (D:4)
  A quokka skeleton (D:8)
  11 rats
  A butterfly (D:11)
  4 plants (Shoals:4)
2335 creatures vanquished.

Vanquished Creatures (collateral kills)
  A basilisk (Lair:1)
  An ogre (D:5)
  A bullfrog (Lair:1)
  A wight (D:6)
  An orc (D:7)
  A rat (D:1)
6 creatures vanquished.

Vanquished Creatures (others)
  A moth of wrath (Zot:5)
  A salamander (Depths:3)
  A slime creature (Depths:1)
  A human (D:13)
  A naga (Snake:4)
  2 ogres
  An orc wizard (Orc:1)
  20 fungi
  27 plants
  4 tentacles (Shoals:1)
  4 toadstools (D:1)
63 creatures vanquished.

Grand Total: 2404 creatures vanquished

Notes
Turn   | Place    | Note
-------+----------+-------------------------------------------
     0 | D:1      | Flugkiller the Draconian Transmuter began the quest for the
                  | Orb.
     0 | D:1      | Reached XP level 1. HP: 16/16 MP: 3/3
   430 | D:1      | Reached XP level 2. HP: 16/23 MP: 5/5
   528 | D:1      | Learned a level 2 spell: Sticks to Snakes
  1361 | D:2      | Reached XP level 3. HP: 20/28 MP: 6/6
  1486 | D:1      | Learned a level 3 spell: Spider Form
  1755 | D:2      | Found an opulent altar of Gozag.
  1756 | D:2      | Found a shadowy altar of Dithmenos.
  1955 | D:2      | Found a radiant altar of Vehumet.
  1985 | D:2      | Reached XP level 4. HP: 25/36 MP: 3/7
  2043 | D:2      | Found an ancient bone altar of Kikubaaqudgha.
  2747 | D:3      | Found a hazy altar of Hepliaklqana.
  3095 | D:3      | Found a stormy altar of Qazlal.
  3096 | D:3      | Noticed an air elemental
  3097 | D:3      | Noticed a water elemental
  3098 | D:3      | Noticed a fire elemental
  3098 | D:3      | Noticed an earth elemental
  3360 | D:4      | Found a staircase to the Ecumenical Temple.
  3623 | D:3      | Reached XP level 5. HP: 21/42 MP: 8/8
  3786 | Temple   | Entered the Ecumenical Temple
  4010 | Temple   | Became a worshipper of Cheibriados the Contemplative
  4115 | D:4      | Reached skill level 5 in Unarmed Combat
  4132 | D:4      | Noticed a phantom
  4239 | D:4      | Killed a phantom
  4239 | D:4      | Reached XP level 6. HP: 18/51 MP: 7/9
  5237 | D:4      | Reached skill level 1 in Poison Magic
  5237 | D:4      | Reached skill level 1 in Invocations
  5315 | D:5      | Entered Level 5 of the Dungeon
  5315 | D:5      | Found a transporter.
  5355 | D:5      | Found a transporter.
  5677 | D:5      | Your scales start taking on a glossy black colour.
  5677 | D:5      | Reached XP level 7. HP: 45/57 MP: 5/10
  5677 | D:5      | Gained mutation: You are resistant to electric shocks.
                  | (rElec) [Black Draconian growth]
  6723 | D:6      | Found Osoh's Magic Scroll Shoppe.
  7739 | D:6      | Found an ornate altar of the Wu Jian Council.
  7948 | D:7      | Found a glowing golden altar of the Shining One.
  7950 | D:7      | Found a runed gate.
  7951 | D:7      | Found a runed gate.
  8152 | D:7      | Reached XP level 8. HP: 66/66 MP: 9/11
  8209 | D:7      | Reached skill level 5 in Dodging
  8260 | D:7      | Noticed Menkaure
  8770 | D:7      | Killed Menkaure
  8938 | D:7      | Learned a level 5 spell: Blade Hands
  9001 | D:7      | Reached * piety under Cheibriados
  9338 | D:6      | Found a burning altar of Makhleb.
  9620 | D:7      | Noticed a brown ugly thing
  9643 | D:7      | Noticed 1player's ghost (novice MiGl)
  9660 | D:7      | Found a runed gate.
  9662 | D:7      | Noticed a gargoyle
  9884 | D:8      | Found Laifoyt's Gadget Shoppe.
  9900 | D:8      | Noticed Pikel
  9909 | D:8      | Noticed Grum
 10099 | D:8      | Reached XP level 9. HP: 48/71 MP: 11/14
 10368 | D:8      | Noticed Prince Ribbit
 10380 | D:8      | Killed Prince Ribbit
 10380 | D:8      | Reached skill level 5 in Transmutations
 10795 | D:8      | Killed Grum
 10795 | D:8      | Reached skill level 5 in Spellcasting
 10904 | D:8      | Reached ** piety under Cheibriados
 11169 | D:8      | Killed Pikel
 11299 | D:8      | Reached XP level 10. HP: 76/80 MP: 17/17
 11477 | D:9      | Reached skill level 5 in Fighting
 11769 | D:9      | Found a glowing silver altar of Zin.
 12163 | D:10     | Entered Level 10 of the Dungeon
 12184 | D:9      | Reached *** piety under Cheibriados
 12370 | D:10     | Found a staircase to the Orcish Mines.
 12915 | D:10     | Reached **** piety under Cheibriados
 13004 | D:10     | Noticed a gargoyle
 13010 | D:10     | Killed a gargoyle
 13045 | D:10     | Found a staircase to the Lair.
 13122 | D:10     | Killed an unseen horror
 13122 | D:10     | Reached XP level 11. HP: 26/92 MP: 13/18
 13692 | Lair:1   | Entered Level 1 of the Lair of Beasts
 13704 | Lair:1   | Reached skill level 5 in Invocations
 13750 | Lair:1   | Reached ***** piety under Cheibriados
 14203 | Lair:1   | Reached skill level 1 in Evocations
 14601 | Lair:1   | Noticed a five-headed hydra
 14605 | Lair:1   | Killed a five-headed hydra
 14664 | Lair:1   | Reached skill level 5 in Evocations
 14838 | Lair:2   | Noticed a four-headed hydra
 14848 | Lair:2   | Killed a four-headed hydra
 14848 | Lair:2   | Reached XP level 12. HP: 57/101 MP: 19/19
 15342 | Lair:2   | Noticed a four-headed hydra
 15352 | Lair:2   | Killed a four-headed hydra
 15412 | Lair:2   | Reached skill level 10 in Dodging
 15779 | Lair:3   | Noticed a four-headed hydra
 15786 | Lair:2   | Killed a four-headed hydra
 15786 | Lair:2   | Reached skill level 10 in Unarmed Combat
 16003 | Lair:3   | Reached ****** piety under Cheibriados
 16134 | Lair:3   | Learned a level 4 spell: Ice Form
 16780 | Lair:3   | Found a staircase to the Snake Pit.
 16817 | Lair:3   | You fall through a shaft for 3 floors!
 16817 | Lair:6   | Entered Level 6 of the Lair of Beasts
 16831 | Lair:5   | Noticed Urug
 16863 | Lair:5   | Reached XP level 13. HP: 77/111 MP: 20/20
 16881 | Lair:5   | Killed Urug
 16957 | Lair:5   | Found a frozen archway.
 16990 | IceCv    | Entered an ice cave
 17575 | IceCv    | Got an ancient hand crossbow
 17794 | Lair:4   | Reached skill level 10 in Fighting
 18348 | Lair:3   | Identified the cursed +1 hand crossbow "Grom" {elec, Int+2
                  | Dex+3 Stlth+} (You found it in an ice cave)
 18360 | Lair:3   | Identified a scroll of acquirement
 18588 | Lair:4   | Found a staircase to the Shoals.
 20192 | Lair:5   | Noticed Snorg
 20199 | Lair:5   | Killed Snorg
 20199 | Lair:5   | Gained mutation: Your large and strong wings let you fly
                  | indefinitely. [Black Draconian growth]
 20199 | Lair:5   | Reached XP level 14. HP: 112/124 MP: 21/21
 20603 | Lair:5   | Got a steaming arbalest
 21121 | Lair:6   | Noticed Josephine
 21127 | Lair:6   | Killed Josephine
 21908 | Lair:6   | Found a burning altar of Makhleb.
 22155 | Lair:6   | Found a gateway to Hell.
 22742 | D:11     | Found Zeokhl Rasu's Jewellery Shoppe.
 22865 | D:11     | Found a white marble altar of Elyvilon.
 22865 | D:11     | Found a runed door.
 22865 | D:11     | Noticed an angel
 23213 | D:11     | Found a runed door.
 23226 | D:11     | Found a runed door.
 23333 | D:11     | Reached skill level 10 in Invocations
 23571 | D:12     | Noticed Azrael
 23583 | D:12     | Killed Azrael
 23800 | D:12     | Found Esesaluz's Book Shoppe.
 23803 | D:12     | Bought a book of the Dragon for 1080 gold pieces
 24396 | D:11     | Bought the ring "Zem Fianu" {Wiz Int+9} for 782 gold pieces
 24406 | D:11     | Learned a level 7 spell: Dragon Form
 25145 | D:13     | Reached XP level 15. HP: 132/132 MP: 18/24
 25214 | D:13     | Found a gate to the Vaults.
 25346 | D:14     | Reached skill level 10 in Transmutations
 25744 | D:14     | Found a corrupted altar of Lugonu.
 25996 | D:15     | Entered Level 15 of the Dungeon
 26058 | D:15     | Got a clouded lead ring
 26072 | D:15     | Identified the ring "Lula" {+Inv rElec Int+3 Stlth+} (You
                  | found it on level 15 of the Dungeon)
 26643 | D:15     | Found a staircase to the Depths.
 27169 | Orc:1    | Entered Level 1 of the Orcish Mines
 27790 | Orc:1    | Noticed Maurice
 27800 | Orc:1    | Killed Maurice
 27861 | Orc:1    | Noticed Fannar
 27877 | Orc:1    | Killed Fannar
 28026 | Orc:2    | Entered Level 2 of the Orcish Mines
 28398 | Orc:2    | Noticed an orc warlord
 28416 | Orc:2    | Killed an orc warlord
 28935 | Orc:2    | Found a staircase to the Elven Halls.
 29011 | Orc:2    | Found Toppolei's General Store.
 29012 | Orc:2    | Found Epniryaz's Book Boutique.
 29014 | Orc:2    | Found Feuhoe's Antique Armour Boutique.
 29014 | Orc:2    | Found Kuvech's Antique Weapon Shop.
 29450 | Snake:1  | Entered Level 1 of the Snake Pit
 29456 | Snake:1  | Reached XP level 16. HP: 141/141 MP: 18/26
 30270 | Snake:1  | Found Ethinoofeu's Gadget Emporium.
 30274 | Snake:1  | Found Xatipyntic's Armour Shoppe.
 30275 | Snake:1  | Found Laututzo's Weapon Emporium.
 30769 | Snake:2  | You are sucked into a shaft!
 31663 | Snake:3  | Found Heaskani's Assorted Antiques.
 31709 | Snake:3  | Found a basalt altar of Yredelemnul.
 31712 | Snake:2  | Identified Roxanne's Disquisition on Earth
 31712 | Snake:2  | Noticed Roxanne
 31717 | Snake:2  | Killed Roxanne
 32064 | Snake:2  | Found a deep blue altar of Sif Muna.
 32200 | Snake:2  | Found Miga's Food Shop.
 32959 | Snake:3  | Found Xyluurioll's Food Shop.
 32962 | Snake:3  | Found Naovuhun's Magic Scroll Boutique.
 32962 | Snake:3  | Found Xaru's Magic Scroll Shop.
 32967 | Snake:3  | Found Bafronycs's General Store.
 32982 | Snake:3  | Bought a scroll of teleportation for 33 gold pieces
 32982 | Snake:3  | Bought a scroll of teleportation for 33 gold pieces
 32982 | Snake:3  | Bought a scroll of teleportation for 33 gold pieces
 33119 | Snake:3  | Reached XP level 17. HP: 154/154 MP: 23/27
 33253 | Snake:3  | Learned a level 6 spell: Statue Form
 33276 | Snake:4  | Entered Level 4 of the Snake Pit
 34046 | Snake:4  | Reached skill level 15 in Dodging
 34046 | Snake:4  | Reached skill level 15 in Unarmed Combat
 34394 | Snake:4  | Reached skill level 15 in Fighting
 36094 | Snake:4  | Got a serpentine rune of Zot
 36268 | Shoals:1 | Entered Level 1 of the Shoals
 36312 | Shoals:1 | Found a runed gate.
 36313 | Shoals:1 | Found a runed gate.
 36384 | Shoals:1 | Identified the +8 arbalest "Eviscerator" {penet, rC+} (You
                  | found it on level 5 of the Lair of Beasts)
 36708 | Shoals:1 | Found a runed gate.
 37083 | Shoals:1 | Noticed a kraken
 37093 | Shoals:1 | Killed a kraken
 37154 | Shoals:1 | Noticed Jypaqura's ghost (adept DDFi)
 37474 | D:11     | Bought the ring of Phasing {EV+8} for 1792 gold pieces
 37474 | D:11     | Found the ring of Phasing {EV+8}
 38316 | Shoals:3 | Reached XP level 18. HP: 166/166 MP: 28/28
 38336 | Shoals:3 | Noticed Polyphemus
 38345 | Shoals:3 | Killed Polyphemus
 39391 | Shoals:4 | Entered Level 4 of the Shoals
 39433 | Shoals:4 | Identified the cursed +2 short sword of Instant Death
                  | {vamp, rN+} (You found it on level 4 of the Shoals)
 40732 | Shoals:4 | Got a barnacled rune of Zot
 40812 | Shoals:4 | Identified the ring of Johubykk {Fire +Blink Dex+2} (You
                  | found it on level 4 of the Shoals)
 41626 | Vaults:1 | Entered Level 1 of the Vaults
 42062 | Vaults:1 | Reached XP level 19. HP: 177/177 MP: 22/29
 42587 | Vaults:1 | Found Qegidack's Assorted Antiques.
 42613 | Vaults:1 | Bought a potion of heal wounds for 185 gold pieces
 43387 | Vaults:2 | Found a flickering gateway to a bazaar.
 43394 | Bazaar   | Entered a bazaar
 43408 | Bazaar   | Found Setzy's Assorted Antiques.
 43408 | Bazaar   | Found Idwynet's Assorted Antiques.
 43429 | Bazaar   | Found Viesm's Gadget Emporium.
 43444 | Bazaar   | Found Ysugug's Jewellery Shoppe.
 43459 | Bazaar   | Found Esuan's Distillery.
 43459 | Bazaar   | Found Asiug's Antique Weapon Shoppe.
 43585 | Bazaar   | Bought a potion of heal wounds for 60 gold pieces
 43585 | Bazaar   | Bought 2 potions of heal wounds for 120 gold pieces
 43623 | Bazaar   | Bought a scroll of teleportation for 60 gold pieces
 43623 | Bazaar   | Bought a scroll of blinking for 150 gold pieces
 44328 | Vaults:2 | Noticed Jory
 44331 | Vaults:2 | Noticed Nikola
 44336 | Vaults:2 | Killed Jory
 44349 | Vaults:2 | Killed Nikola
 44815 | Vaults:2 | Noticed Asterion
 44825 | Vaults:2 | Killed Asterion
 44825 | Vaults:2 | Reached XP level 20. HP: 189/189 MP: 24/30
 45249 | Vaults:2 | Found a staircase to the Crypt.
 45400 | Vaults:3 | Paralysed by a wizard for 3 turns
 46062 | Vaults:3 | You are sucked into a shaft!
 47892 | Elf:1    | Entered Level 1 of the Elven Halls
 48025 | Elf:1    | Found Xoucad's Food Emporium.
 48144 | Elf:1    | Reached XP level 21. HP: 145/200 MP: 31/31
 49072 | Elf:2    | Got a scintillating pewter amulet
 49073 | Elf:2    | Identified the amulet "Tepec" {Acrobat Int+3} (You found it
                  | on level 2 of the Elven Halls)
 49117 | Elf:2    | Got a pair of warped boots
 49128 | Elf:2    | Identified the +1 pair of boots of Yxumi {Slay+2 SInv} (You
                  | found it on level 2 of the Elven Halls)
 49408 | Elf:2    | Found a huge runed gate.
 49408 | Elf:2    | Found a huge runed gate.
 49408 | Elf:2    | Found a huge runed gate.
 49409 | Elf:2    | Found a huge runed gate.
 49409 | Elf:2    | Found a huge runed gate.
 50005 | Elf:3    | Entered Level 3 of the Elven Halls
 50097 | Elf:3    | Found Siupn's Weapon Boutique.
 50377 | Elf:3    | Found Woom's Magic Scroll Boutique.
 50377 | Elf:3    | Found Fuokin's Jewellery Shop.
 50439 | Elf:3    | Learned a level 6 spell: Deflect Missiles
 50483 | Elf:3    | Reached skill level 1 in Air Magic
 50504 | Elf:3    | Reached skill level 1 in Charms
 50671 | Elf:3    | Identified the cursed +0 broad axe "Jawoamp" {pain, Str+7
                  | Stlth-}
 50681 | Elf:3    | Identified the ring "Anefrufi" {Ice MR+ Slay+2 Stlth+}
 50989 | Elf:3    | Identified the amulet of Jozump {rElec rC+ Regen+}
 51137 | Elf:3    | Reached skill level 5 in Air Magic
 51329 | Elf:3    | Identified the ring "Momoab" {rElec Str-4 Int+2 Dex+3
                  | Stlth-}
 51592 | Elf:3    | Got an ichor-stained shortbow
 51612 | Elf:3    | Got a pair of heavily runed boots
 51613 | Elf:3    | Identified the +3 pair of boots of Valiance {SInv} (You
                  | found it on level 3 of the Elven Halls)
 51932 | Depths:1 | Entered Level 1 of the Depths
 51941 | D:15     | Reached skill level 5 in Charms
 52507 | Depths:1 | Reached XP level 22. HP: 209/209 MP: 32/32
 53205 | Depths:2 | Paralysed by a lich for 4 turns
 53246 | Depths:2 | Reached skill level 10 in Air Magic
 53248 | Depths:2 | Paralysed by a great orb of eyes for 6 turns
 53257 | Depths:2 | Found a gateway to a ziggurat.
 53281 | Depths:2 | Noticed Margery
 53287 | Depths:2 | Killed Margery
 53305 | Depths:2 | Got a clouded bone ring
 53308 | Depths:2 | Identified the ring "Meqoquphe" {rElec Int+3} (You found it
                  | on level 2 of the Depths)
 53451 | Depths:2 | Paralysed by a great orb of eyes for 5 turns
 53470 | Depths:2 | Identified the ring of Feiriub {rF+ MR+ EV+3 Str+2 Stlth+}
                  | (You found it on level 2 of the Depths)
 53567 | Depths:2 | Identified the ring of Abrimnas {Wiz rF+ rC+}
 53664 | Depths:2 | Noticed Saint Roka
 53680 | Depths:2 | Killed Saint Roka
 53856 | Depths:2 | Found Xisuqomi's Gadget Shop.
 53937 | Depths:2 | Reached skill level 10 in Charms
 53965 | Depths:2 | Found Izoskuawu's Armour Boutique.
 54266 | Depths:3 | Reached skill level 1 in Earth Magic
 54278 | Depths:3 | Reached XP level 23. HP: 215/215 MP: 29/33
 54294 | Depths:3 | Noticed a juggernaut
 54307 | Depths:3 | Killed a juggernaut
 54795 | Depths:3 | Found a one-way gate leading to the halls of Pandemonium.
 54866 | Depths:3 | Learned a level 2 spell: Passwall
 55037 | Depths:4 | Found a one-way gate to the infinite horrors of the Abyss.
 55477 | Depths:4 | Noticed a caustic shrike
 55481 | Depths:4 | Killed a caustic shrike
 55494 | Depths:4 | Noticed a juggernaut
 55542 | Depths:4 | Killed a juggernaut
 55607 | Depths:4 | Reached skill level 15 in Transmutations
 55754 | Depths:4 | Noticed a caustic shrike
 55765 | Depths:4 | Killed a caustic shrike
 56274 | Depths:4 | Reached XP level 24. HP: 224/224 MP: 26/33
 56592 | Depths:5 | Entered Level 5 of the Depths
 56656 | Depths:5 | Noticed a juggernaut
 56663 | Depths:5 | Killed a juggernaut
 56823 | Depths:5 | Found Ruipy's Distillery.
 56836 | Depths:5 | Bought a potion of heal wounds for 85 gold pieces
 56836 | Depths:5 | Bought a potion of heal wounds for 85 gold pieces
 56836 | Depths:5 | Bought a potion of heal wounds for 85 gold pieces
 57078 | Depths:5 | Found a gate to the Realm of Zot.
 58030 | Vaults:5 | Entered Level 5 of the Vaults
 58182 | Vaults:5 | Got a dazzling hand axe
 58397 | Vaults:5 | Reached XP level 25. HP: 233/233 MP: 33/33
 58404 | Vaults:5 | Gained mutation: You are frail. (-10% HP) [a shining eye]
 58784 | Vaults:5 | Identified the +6 hand crossbow "Zyzuacet" {flame, rElec
                  | Stlth+}
 58805 | Vaults:5 | Identified the +10 hand axe of Diet Blood {protect, *Contam
                  | Str+4 Dex+4}
 59068 | Vaults:5 | Identified the Volume of the Fiery Voyage
 59105 | Vaults:5 | Got a silver rune of Zot
 59106 | Vaults:5 | Identified the Guide on Protection
 60036 | Zot:1    | Entered Level 1 of the Realm of Zot
 60440 | Zot:1    | You are sucked into a shaft!
 61029 | Zot:2    | Reached XP level 26. HP: 221/221 MP: 26/33
 61283 | Zot:2    | You are sucked into a shaft!
 62817 | Zot:5    | Entered Level 5 of the Realm of Zot
 63831 | Zot:5    | Noticed an orb of fire
 63833 | Zot:5    | Noticed an orb of fire
 63833 | Zot:5    | Gained mutation: You are occasionally teleported next to
                  | monsters. [an orb of fire]
 63836 | Zot:5    | Noticed an ancient lich
 63839 | Zot:5    | Gained mutation: You are weak. (Str -2) [an orb of fire]
 63844 | Zot:5    | Killed an orb of fire
 63847 | Zot:5    | Killed an orb of fire
 63849 | Zot:5    | Killed an ancient lich
 63859 | Zot:5    | Noticed an ancient lich
 63865 | Zot:5    | Reached XP level 27. HP: 232/232 MP: 25/33
 63869 | Zot:5    | Killed an ancient lich
 63917 | Zot:5    | Lost mutation: You are frail. (-10% HP) [potion of
                  | mutation]
 63917 | Zot:5    | Gained mutation: You evolve. [potion of mutation]
 63917 | Zot:5    | Gained mutation: You expend magic power (3 MP) to
                  | strengthen your wands. [potion of mutation]
 63917 | Zot:5    | Gained mutation: Your tail ends in a poisonous barb.
                  | [potion of mutation]
 63917 | Zot:5    | Gained mutation: You have very sharp teeth. [potion of
                  | mutation]
 63918 | Zot:5    | Lost mutation: Your tail ends in a poisonous barb. [potion
                  | of mutation]
 63918 | Zot:5    | Lost mutation: You have very sharp teeth. [potion of
                  | mutation]
 63918 | Zot:5    | Lost mutation: You are occasionally teleported next to
                  | monsters. [potion of mutation]
 63918 | Zot:5    | Lost mutation: You expend magic power (3 MP) to strengthen
                  | your wands. [potion of mutation]
 63918 | Zot:5    | Lost mutation: You are weak. (Str -2) [potion of mutation]
 63918 | Zot:5    | Gained mutation: You have large cloven feet. [potion of
                  | mutation]
 63918 | Zot:5    | Gained mutation: You have hoof-like feet. [potion of
                  | mutation]
 64019 | Zot:5    | Noticed an orb of fire
 64024 | Zot:5    | Killed an orb of fire
 64041 | Zot:5    | Noticed an orb of fire
 64043 | Zot:5    | Noticed an orb of fire
 64046 | Zot:5    | Killed an orb of fire
 64050 | Zot:5    | Gained mutation: You are agile. (Dex +2) [an orb of fire]
 64052 | Zot:5    | Killed an orb of fire
 64297 | Zot:5    | Lost mutation: You have hoof-like feet. [evolution]
 64945 | Zot:5    | Got the Orb of Zot
 65015 | Zot:4    | Learned a level 3 spell: Regeneration
 65412 | D:6      | Noticed Puon the pandemonium lord
 65509 | D:1      | Noticed Wagacos the pandemonium lord
 65559 | D:$      | Escaped with the Orb!

Vault maps used:
D:1:      ldierk_walled_garden_2
D:2:      nicolae_overflow_hidden_temple, first_ration,
          chequers_serial_rivers_micro_a
D:3:      wad_pebble_path, marbit_many_paths, nicolae_qazlal_style_of_elements
D:4:      minmay_temple_entry_mini_moons
D:5:      gammafunk_wand_slinger
D:6:      lightli_temple_of_fire, basic_altar, serial_shops,
          nicolae_shop_temple_entry_statues_fountains
D:7:      overflow_temple_1_default, gammafunk_ghost_split, uniq_menkaure
D:8:      serial_shops, nicolae_shop_stone, hangedman_ranch, uniq_grum,
          uniq_prince_ribbit1, uniq_pikel
D:9:      zin_academy
D:10:     david_lair_generic, david_orc_3, enter_bailey_2
D:11:     lemuel_insect_pit, serial_shops, shop, lemuel_angel_altar
D:12:     serial_shops, kennysheep_mini_moat, minmay_misc_feat_alley,
          st_stairs_13, minmay_variable_closet, uniq_azrael
D:13:     ximxim_vaults_locker_room
D:14:     minmay_misc_feat_plants, tgw_lugonu_bribe
D:15:     hangedman_depths_entry_civil_slaughter, solitary_fountain
Temple:   nicolae_temple_figure_eight
Lair:1:   chequers_serial_rivers_large_a
Lair:2:   lemuel_fruit_fields
Lair:3:   minmay_snake_entry_guardpost_medium, cheibrodos_lair_lostbears
Lair:4:   elwin_shoals_entry_rocks, grunt_forest_large_clearing_hut
Lair:5:   minmay_slime_entry_oklob_enclosed, portal_ice_cave_entry_imps,
          special_room, minmay_lair_oklob_chamber, uniq_urug, uniq_snorg
Lair:6:   evil_forest, nicolae_quartered_pool_little, lemuel_fruit_tree,
          uniq_josephine
Shoals:1: gammafunk_ghost_cemetery
Shoals:2: nzn_motion_control
Shoals:3: uniq_polyphemus
Shoals:4: shoals_end_simple
Snake:1:  nicolae_snake_salamander_stairs, grunt_megastairs_3, minmay_shop_star
Snake:2:  basic_altar, serial_shops, shop, grunt_ministairs_15, uniq_roxanne
Snake:3:  serial_shops, shop, basic_altar, grunt_megastairs_4, minmay_shoptagon
Snake:4:  snake_pit
Orc:1:    uniq_fannar, uniq_maurice
Orc:2:    st_orc_congregation
Elf:1:    eino_elf_arrival_customs, serial_shops, shop,
          minmay_elf_crystal_hexagon, einodemon_armed_red_devil_minivault
Elf:3:    elf_hall_gauntlet_narrow, serial_shops, shop, shop,
          nicolae_shop_temple_entry_statues_fountains, nicolae_elf_m_pinch,
          minivault_11, nicolae_elf_glass_and_crystal_pillar_1
Vaults:1: vaults_room_octagon, hangedman_vaults_nails, v_alt_pattern_4,
          ontoclasm_vaults_eye, serial_ice_g, hangedman_vaults_slice,
          dpeg_vaults_pockets_of_resistance, nicolae_vaults_network_periphery,
          hangedman_vaults_corner, nicolae_vaults_what_the_h, serial_shops, shop
Vaults:2: nicolae_vaults_display_case, minmay_crypt_entry_simple_walls,
          v_alt_pattern_4, v_misc_14, serial_shops, bzr_in_the_mist,
          uniq_asterion, uniq_nikola, uniq_jory
Vaults:3: vaults_room_octagon, nicolae_vaults_shelves_hall,
          vaults_room_semicircle, dpeg_vaults_monster_row, v_misc_27,
          nicolae_vaults_little_squares_6, nicolae_vaults_branching_niches,
          nicolae_vaults_little_squares_3, ontoclasm_vaults_ligature,
          nicolae_vaults_alarming, dpeg_vaults_monster_box
Vaults:4: nicolae_vaults_triangles, vaults_mumra_lcd, v_misc_4, v_misc_19,
          nicolae_vaults_windows_and_doors_thing, vaults_dpeg_encased_lava,
          ontoclasm_vaults_gateway, vaults_room_door_hall, vaults_room_fours
Depths:1: hell_entry, evilmike_ambush, serial_bayou_shore_a,
          serial_bayou_shore_b, grunt_megastairs_2
Depths:2: hangedman_spin_cycle, hell_entry
Depths:3: minmay_strange_plus, hex_medium, rand_demon_pan_entry_5,
          pf_hell_entry_tar_river, serial_bayou_shore_b,
          infiniplex_staircase_pool_2
Depths:4: hangedman_cross_veins, roderic_roman_lattice, hell_entry, abyss_entry,
          grunt_ministairs_7, infiniplex_staircase_pillars_1,
          serial_bayou_shore_b, basic_stair_grate_trap
Depths:5: grunt_zot_entry_pinwheel, pf_hell_entry_great_geh,
          abyss_entry_small_statue_room, serial_shops, shop,
          chequers_hall_statues_y, rand_demon_pan_entry_7,
          infiniplex_staircase_pool_lava
Bazaar:   bazaar_long_row
IceCv:    ice_cave_tombish

Skill      XL: |  1  2  3  4  5  6  7  8  9 10 11 12 13 14 15 16 17 18 19 20 21 22 23 24 25 26 27 |
---------------+----------------------------------------------------------------------------------+-----
Unarmed Combat | 4 5 7 8 10 12 13 14 15 17 18 19 20 21 22 23 | 23.2
Dodging        | 2 4 6 8 9 11 12 13 14 15 16 17 18 19 20 21 22 | 22.0
Fighting       | 2 3 4 7 8 9 11 12 14 15 17 18 19 20 21 23 | 23.8
Poison Magic   | 1 |  1.1
Invocations    | 2 3 7 11 13 | 13.0
Transmutations | 3 4 8 9 12 15 19 | 19.0
Spellcasting   | 3 5 6 7 |  7.0
Evocations     | 5 |  5.3
Air Magic      | 8 13 | 13.2
Charms         | 6 10 | 10.5
Earth Magic    | 1 4 |  4.6

Action                   |  1- 3 |  4- 6 |  7- 9 | 10-12 | 13-15 | 16-18 | 19-21 | 22-24 | 25-27 || total
-------------------------+-------+-------+-------+-------+-------+-------+-------+-------+-------++-------
Melee: Unarmed           |   138 |   278 |   371 |   502 |  1096 |   738 |   901 |   736 |   555 ||  5315
       Tailslap          |     9 |    36 |    27 |    93 |   190 |   147 |   178 |   150 |   127 ||   957
       Kick              |     8 |    24 |    15 |       |       |       |       |       |       ||    47
       Punch             |       |     6 |     5 |    30 |    83 |    69 |   123 |   106 |    89 ||   511
       Headbutt          |       |    11 |     8 |     3 |       |       |       |       |       ||    22
       Bite              |       |       |       |       |    12 |    69 |    96 |   119 |    75 ||   371
 Cast: Beastly Appendage |     8 |    31 |    14 |     2 |       |       |       |       |       ||    55
       Sticks to Snakes  |     5 |     7 |    14 |     2 |       |       |       |       |       ||    28
       Spider Form       |       |       |    30 |    12 |     1 |       |       |       |       ||    43
       Blade Hands       |       |       |       |    39 |    71 |       |       |       |       ||   110
       Ice Form          |       |       |       |     1 |    26 |       |       |       |       ||    27
       Dragon Form       |       |       |       |       |    10 |    70 |    74 |    56 |    57 ||   267
       Statue Form       |       |       |       |       |       |     5 |       |       |       ||     5
       Deflect Missiles  |       |       |       |       |       |       |     1 |       |     1 ||     2
       Passwall          |       |       |       |       |       |       |       |     2 |     6 ||     8
       Regeneration      |       |       |       |       |       |       |       |       |     3 ||     3
Invok: Bend Time         |       |     5 |     6 |     2 |       |       |       |       |       ||    13
       Slouch            |       |       |       |     1 |    12 |     8 |     5 |     3 |     1 ||    30
       Step From Time    |       |       |       |       |     1 |     1 |       |       |     1 ||     3
 Abil: Breathe Lightning |       |       |     1 |     1 |       |     7 |       |       |       ||     9
       End Transformatio |       |       |       |     1 |     6 |       |       |       |     1 ||     8
       Fly               |       |       |       |       |     1 |       |       |       |       ||     1
Evoke: Wand              |       |       |     5 |     4 |    14 |     8 |     2 |       |       ||    33
       Lamp of fire      |       |       |       |       |       |     1 |     1 |       |       ||     2
  Use: Potion            |     1 |     2 |     1 |       |     5 |     5 |       |       |     6 ||    20
       Scroll            |     2 |     9 |    11 |     8 |     9 |    12 |    13 |     5 |    14 ||    83
 Stab: Sleeping          |     2 |     1 |       |     4 |    21 |     2 |     7 |     3 |     6 ||    46
       Distracted        |       |     1 |       |     1 |     2 |     1 |       |     2 |     3 ||    10
       Petrifying        |       |       |       |       |       |     2 |       |       |       ||     2
       Petrified         |       |       |       |       |       |     2 |       |       |       ||     2
  Eat: Chunk             |     4 |    11 |     7 |    23 |    49 |    58 |    45 |    23 |    22 ||   242
       Ration            |       |     1 |     4 |       |     3 |       |     1 |     4 |    10 ||    23
Armor: Skin              |    55 |    85 |    40 |    75 |   189 |   273 |   155 |   169 |   106 ||  1147
Dodge: Dodged            |   113 |   195 |   289 |   472 |  1192 |  1204 |  1175 |  1043 |   785 ||  6468
       Deflected         |       |       |       |       |       |       |     3 |    12 |     3 ||    18

Table legend:
 A = Non-vault XP
 B = Vault XP
 C = Vault XP percentage of total XP
 D = Non-vault monster count
 E = Vault monster count
 F = Vault count percentage of total count
                 A         B        C        D         E       F
            +---------+---------+-------+---------+---------+-------
      Total |  811283 |  781522 |  49.1 |    1490 |     836 |  35.9
            +---------+---------+-------+---------+---------+-------
        D:1 |      40 |       0 |   0.0 |      20 |       0 |   0.0
        D:2 |      74 |       0 |   0.0 |      25 |       0 |   0.0
        D:3 |      75 |       2 |   2.6 |      36 |       1 |   2.7
        D:4 |     383 |       0 |   0.0 |      16 |       0 |   0.0
        D:5 |     426 |       0 |   0.0 |       9 |       0 |   0.0
        D:6 |     598 |       0 |   0.0 |      12 |       0 |   0.0
        D:7 |     752 |     183 |  19.6 |      20 |       1 |   4.8
        D:8 |    1131 |    2464 |  68.5 |      28 |      11 |  28.2
        D:9 |    2024 |       0 |   0.0 |      23 |       0 |   0.0
       D:10 |    6484 |    1125 |  14.8 |      47 |      13 |  21.7
       D:11 |    4215 |     179 |   4.1 |      31 |       9 |  22.5
       D:12 |    4117 |    2036 |  33.1 |      42 |       6 |  12.5
       D:13 |    7334 |    2963 |  28.8 |      33 |      11 |  25.0
       D:14 |    7753 |       0 |   0.0 |      37 |       0 |   0.0
       D:15 |   10313 |   19700 |  65.6 |      35 |      21 |  37.5
     Lair:1 |    6545 |       0 |   0.0 |      28 |       0 |   0.0
     Lair:2 |    8675 |       0 |   0.0 |      30 |       0 |   0.0
     Lair:3 |    7836 |    1357 |  14.8 |      33 |       6 |  15.4
     Lair:4 |    3260 |    1268 |  28.0 |      16 |       5 |  23.8
     Lair:5 |    6217 |   10423 |  62.6 |      15 |      39 |  72.2
     Lair:6 |    9404 |   11023 |  54.0 |      24 |      32 |  57.1
   Shoals:1 |   18882 |       0 |   0.0 |      34 |       0 |   0.0
   Shoals:2 |    4865 |    3825 |  44.0 |      10 |       5 |  33.3
   Shoals:3 |   19299 |    6602 |  25.5 |      41 |       6 |  12.8
   Shoals:4 |   11923 |   20407 |  63.1 |      23 |      33 |  58.9
    Snake:1 |   16990 |    2761 |  14.0 |      35 |       5 |  12.5
    Snake:2 |    6347 |    3362 |  34.6 |      13 |       3 |  18.8
    Snake:3 |   33277 |    1844 |   5.3 |      59 |       4 |   6.3
    Snake:4 |   18553 |   25617 |  58.0 |      38 |      41 |  51.9
      Orc:1 |    5006 |    1420 |  22.1 |      25 |       2 |   7.4
      Orc:2 |    3799 |   11894 |  75.8 |      28 |      69 |  71.1
      Elf:1 |    7145 |    9908 |  58.1 |      13 |      20 |  60.6
      Elf:2 |   10326 |   23376 |  69.4 |      21 |      31 |  59.6
      Elf:3 |   17081 |   36966 |  68.4 |      27 |      25 |  48.1
   Vaults:1 |   36802 |   38864 |  51.4 |      66 |      53 |  44.5
   Vaults:2 |   41644 |   18109 |  30.3 |      69 |      12 |  14.8
   Vaults:3 |   18618 |   34890 |  65.2 |      29 |      47 |  61.8
   Vaults:4 |   30188 |   13553 |  31.0 |      56 |      18 |  24.3
   Vaults:5 |   25753 |  136836 |  84.2 |      37 |      94 |  71.8
   Depths:1 |   23655 |   12695 |  34.9 |      32 |      16 |  33.3
   Depths:2 |     205 |   79272 |  99.7 |       1 |      82 |  98.8
   Depths:3 |   41978 |   24192 |  36.6 |      51 |      15 |  22.7
   Depths:4 |   62234 |   44848 |  41.9 |      69 |      21 |  23.3
   Depths:5 |   81017 |   27579 |  25.4 |      49 |      17 |  25.8
      Zot:1 |   52509 |       0 |   0.0 |      30 |       0 |   0.0
      Zot:2 |   24784 |       0 |   0.0 |      13 |       0 |   0.0
      Zot:3 |   30659 |       0 |   0.0 |      14 |       0 |   0.0
      Zot:4 |   36306 |       0 |   0.0 |      21 |       0 |   0.0
      Zot:5 |   43782 |  144161 |  76.7 |      26 |      38 |  59.4
      IceCv |       0 |    5818 | 100.0 |       0 |      24 | 100.0
            +---------+---------+-------+---------+---------+-------
